AoeStats
← Paradise

Arabia

510550573Analyzed
4v4 RM · 1d ago on Oct 1, 2026· 49m 38s· 8 players
Game mode
Random Map
Map size
Large (8 player)
Population
200
Speed
Normal
Resources
Standard
Victory
Conquest
Starting age
Dark Age
Ending age
Imperial Age
RankedLock teamsTeams togetherTeam positionsShared explorationLock speedFull tech treeHidden civsTurbo modeCheats
Victory
Defeat
🇫🇷 Maya · France
956
+15
🇨🇳 Franks · China
953
+15
🇮🇩 Teutons · Indonesia
925
+16
🇫🇷 Persians · France
894
+18
🇨🇱 Britons · Chile
1047
-35
🇬🇧 Teutons · United Kingdom
953
-17
🇨🇱 Franks · Chile
889
-25
🇨🇱 Persians · Chile
857
-13
Leard
10:36 Feudal Age
15:23 Castle Age
13:51 Double-Bit Axe
14:13 Loom
carvasqm
6:31 Loom
9:27 Feudal Age
14:17 Wheelbarrow
14:06 Horse Collar
16:53 Bloodlines
20:07 Scale Barding Armor
25:21 Castle Age
23:48 Forging
23:34 Gold Mining
26:33 Husbandry
27:18 Gold Shaft Mining
27:59 Fletching
28:31 Chain Barding Armor
28:47 Iron Casting
30:04 Kamandaran
30:15 Double-Bit Axe
30:32 Heavy Plow
30:10 Crossbowman
31:56 Bodkin Arrow
32:01 Padded Archer Armor
35:42 Imperial Age
34:04 Ballistics
34:30 Thumb Ring
34:46 Leather Archer Armor
35:58 Cavalier
37:26 Plate Barding Armor
37:52 Blast Furnace
37:32 Bow Saw
40:57 Savar
Ign4cio
9:44 Loom
11:31 Feudal Age
14:52 Forging
14:47 Scale Barding Armor
14:36 Double-Bit Axe
18:38 Castle Age
19:22 Husbandry
19:57 Chain Barding Armor
20:13 Iron Casting
23:56 Bow Saw
25:37 Gold Mining
30:56 Fletching
34:13 Imperial Age
37:24 Plate Barding Armor
37:49 Blast Furnace
37:00 Stone Mining
37:46 Gold Shaft Mining
38:01 Wheelbarrow
37:13 Town Watch
37:47 Cavalier
39:43 Paladin
Rick Hunter
7:30 Loom
10:20 Feudal Age
11:15 Double-Bit Axe
11:10 Horse Collar
16:14 Town Watch
17:47 Padded Archer Armor
17:38 Fletching
23:37 Castle Age
23:44 Pikeman
24:51 Bow Saw
24:17 Elite Skirmisher
28:46 Wheelbarrow
34:21 Ballistics
35:14 Crossbowman
ctgu_lishengfei
9:03 Loom
11:41 Feudal Age
14:06 Double-Bit Axe
17:41 Castle Age
18:54 Bow Saw
19:57 Squires
21:32 Husbandry
27:03 Sanctity
31:26 Scale Barding Armor
31:32 Forging
31:19 Gold Mining
33:50 Wheelbarrow
33:16 Stone Mining
36:28 Imperial Age
35:14 Hand Cart
35:34 Scale Mail Armor
39:19 Chain Barding Armor
39:35 Iron Casting
39:08 Cavalier
40:56 Treadmill Crane
41:12 Murder Holes
41:38 Ballistics
41:30 Masonry
44:18 Plate Barding Armor
44:58 Gold Shaft Mining
46:07 Blast Furnace
45:09 Padded Archer Armor
45:00 Fletching
44:52 Light Cavalry
46:51 Paladin
47:54 Caravan
47:24 Pikeman
49:04 Chain Mail Armor
49:05 Leather Archer Armor
48:48 Bodkin Arrow
49:49 Coinage
50:17 Architecture
kyu
6:50 Loom
10:04 Feudal Age
16:18 Double-Bit Axe
19:06 Forging
20:10 Bloodlines
22:10 Scale Barding Armor
25:13 Castle Age
23:39 Horse Collar
23:52 Gold Mining
25:46 Wheelbarrow
25:05 Stone Mining
26:29 Bow Saw
26:20 Heavy Plow
26:57 Iron Casting
28:36 Chain Barding Armor
28:51 Hand Cart
28:21 Town Watch
34:02 Town Patrol
36:51 Imperial Age
34:51 Husbandry
36:20 Gold Shaft Mining
38:23 Two-Man Saw
37:57 Crop Rotation
37:52 Elite War Elephant
39:36 Blast Furnace
39:19 Plate Barding Armor
39:17 Conscription
44:12 Cavalier
44:58 Pikeman
45:59 Scale Mail Armor
46:23 Halberdier
46:50 Gambesons
47:06 Squires
46:52 Arson
47:24 Chain Mail Armor
Tom
4:09 Loom
8:05 Loom
10:22 Feudal Age
14:56 Fletching
15:06 Double-Bit Axe
19:40 Forging
19:49 Padded Archer Armor
23:48 Castle Age
22:03 Gold Mining
21:55 Horse Collar
23:39 Wheelbarrow
23:51 Crossbowman
24:37 Thumb Ring
24:44 Bodkin Arrow
26:45 Leather Archer Armor
27:21 Bow Saw
32:07 Ballistics
34:45 Imperial Age
33:41 Hand Cart
33:12 Town Watch
34:54 Arbalester
35:52 Bracer
36:22 Ring Archer Armor
37:02 Ring Archer Armor
40:03 Two-Man Saw
39:05 Heavy Plow
38:58 Stone Mining
39:33 Conscription
40:17 Chemistry
44:45 Holcans
43:38 Eagle Warrior
44:19 Squires
44:33 Forging
44:23 Scale Mail Armor
44:18 Elite Eagle Warrior
48:09 Iron Casting
47:49 Chain Mail Armor
48:19 Elite Plumed Archer
Paradise
10:13 Feudal Age
8:49 Loom
18:00 Castle Age
17:04 Wheelbarrow
17:58 Horse Collar
27:32 Heavy Plow
35:34 Imperial Age
33:21 Hand Cart
33:00 Double-Bit Axe
33:26 Forging
33:16 Scale Mail Armor
33:43 Bloodlines
37:25 Chemistry
36:31 Siege Engineers
36:47 Ballistics
36:38 Masonry
36:10 Cavalier
37:28 Iron Casting
36:59 Scale Barding Armor
37:10 Chain Mail Armor
39:10 Blast Furnace
38:22 Paladin
40:42 Gold Mining
40:42 Stone Mining
41:38 Chain Barding Armor
41:49 Plate Mail Armor
46:09 Plate Barding Armor
Connection lost

Rejoining the realm…

Still unreachable

The connection could not be restored.

Session expired

The server has moved on; the page needs a fresh start.